 Dungeon Crawl Stone Soup version 0.31-a0-744-gbc345e7 (webtiles) character file.

Game seed: 1887556760974966986

82 Dorkslayer the Trooper (level 4, 0/37 HPs)
             Began as a Merfolk Fighter on Sept 13, 2023.
             Slain by a goblin
             ... wielding a +0 club
             ... led by Robin
              (1 damage)
             ... on level 3 of the Dungeon.
             The game lasted 00:04:33 (1713 turns).

Dorkslayer the Trooper (Merfolk Fighter)            Turns: 1713, Time: 00:04:34

Health: 0/37       AC: 11    Str: 18    XL:     4   Next: 43%
Magic:  4/4        EV:  8    Int:  7    God:
Gold:   94         SH:  5    Dex: 13    Spells: 3/3 levels left

rFire   . . .        a - +0 trident
rCold   . . .        c - +0 buckler
rNeg    . . .        h - +0 chain mail
rPois   .            b - +0 helmet
rElec   .            (no cloak)
rCorr   .            (no gloves)
SInv    .            k - +0 pair of boots
Will    .....        (no amulet) Stlth
                     (no ring)
HPRegen 0.26/turn    (no ring)
MPRegen 0.09/turn

%: no passive effects
@: mighty
A: (nimble swimmer 2), mertail
a: no special abilities


You were on level 3 of the Dungeon.
You visited 1 branch of the dungeon, and saw 3 of its levels.

You collected 94 gold pieces.

Inventory:

Hand Weapons
 a - a +0 trident (weapon)
Missiles
 m - 8 javelins
Armour
 b - a +0 helmet (worn)
 c - a +0 buckler (worn)
 h - a +0 chain mail (worn)
 k - a +0 pair of boots (worn)
Scrolls
 g - a scroll of amnesia {unknown}
 l - a scroll of teleportation {unknown}
 o - a scroll of revelation
 q - 2 scrolls of identify {unknown}
Potions
 e - a potion of brilliance {unknown}
 f - a potion of berserk rage {unknown}
 i - a potion of degeneration {unknown}
 j - a potion of curing {unknown}
 n - a potion of enlightenment {unknown}
 p - a potion of heal wounds {unknown}
 r - a potion of haste {unknown}


   Skills:
 + Level 3.7 Fighting
 + Level 3.7 Polearms
 + Level 2.6 Armour
 * Level 2.1 Dodging
 + Level 3.4 Shields


You had 3 spell levels left.
You didn't know any spells.
Your spell library contained the following spells:

 Spells                   Type           Power      Damage    Failure   Level
 Sandblast                Erth           0%         2d4       99%         1
 Passwall                 Tmut/Erth      0%         N/A       100%        2
 Poisonous Vapours        Pois/Air       0%         N/A       100%        2
 Mephitic Cloud           Conj/Pois/Air  0%         N/A       100%        3
 Stone Arrow              Conj/Erth      0%         3d7       100%        3
 Vhi's Electric Charge    Tloc/Air       0%         N/A       100%        4
 Arcjolt                  Conj/Air       0%         1d10      100%        5
 Freezing Cloud           Conj/Ice/Air   0%         6-21      100%        5
 Maxwell's Capacitive Co  Air            0%         ∞         100%        8


Dungeon Overview and Level Annotations

Branches:
Dungeon (3/15)

Altars:
Trog

Shops:
D:1 !

Annotations:
D:3 Robin


Innate Abilities, Weirdness & Mutations

((You are very nimble when in or above water. (Stealth+, EV+, Speed+++)))
Your lower body shifts to a powerful aquatic tail in water.


Message History

You block the hobgoblin's attack.
The goblin hits you with a +3 dagger of holy wrath.
Your Dodging skill increases to level 2!
You barely miss the goblin. The hobgoblin hits you with a +0 spear.
Robin closely misses you. The goblin hits you but does no damage.
You miss the goblin. The hobgoblin hits you with a +0 spear.
Robin roars a battlecry!
The goblins go into a battle-frenzy!
You block the goblin's attack. You block the hobgoblin's attack.
Robin hits you but does no damage.
You hit the goblin.
You kill the goblin!
The hobgoblin no longer looks unusually strong.
The goblin no longer looks unusually strong.
The hobgoblin hits you with a +0 spear.
* * * LOW HITPOINT WARNING * * *
Robin throws the goblin at you!
You puncture Robin!
Robin is heavily wounded.
You block the hobgoblin's attack. You block the goblin's attack.
Robin roars a battlecry!
The goblins go into a battle-frenzy!
You completely miss Robin.
Robin is heavily wounded.
The hobgoblin hits you but does no damage.
The goblin barely misses you. Robin hits you but does no damage.
Unknown command.
You closely miss Robin.
Robin is heavily wounded.
You block the hobgoblin's attack. The goblin hits you with a +0 club.
* * * LOW HITPOINT WARNING * * *
Robin hits you with a +0 club.
* * * LOW HITPOINT WARNING * * *
Unknown command.
You closely miss Robin.
Robin is heavily wounded.
The hobgoblin closely misses you. Robin hits you with a +0 club.
* * * LOW HITPOINT WARNING * * *
The goblin hits you but does no damage. The goblin hits you with a +0 club.
You die...

**,**,*#.* #.##.#
*,,,*,*#,* #.##.#
,,,,,,,,,********#.##.#
*,,,*,*****,,,,,,..##.#
**,**,* *,*****####.#
*,**,* *,* #.# *,**,*
*,* #.# *,**,*
#.#########.# **,**,*
**#....g@gg)..#
*,*,*,***......g#######
,***,,,,,.......*
*,*,*****.......*
**,,,,,,,.......*
********.......*
*.......* *.......*
*********


You could see Robin, a hobgoblin (strong) and 2 goblins.

Vanquished Creatures
  3 adders
  2 ball pythons
  3 endoplasms (D:1)
  5 giant cockroaches
  5 hobgoblins
  A quokka (D:1)
  8 bats
  5 frilled lizards
  9 goblins
  4 kobolds
  8 rats
53 creatures vanquished.

Notes
Turn   | Place    | Note
-------+----------+-------------------------------------------
     0 | D:1      | Dorkslayer the Merfolk Fighter began the quest for the Orb.
     0 | D:1      | Reached XP level 1. HP: 18/18 MP: 1/1
   101 | D:1      | Found Suatuxun's Distillery.
   181 | D:1      | Reached XP level 2. HP: 19/24 MP: 2/2
   444 | D:1      | Reached skill level 1 in Dodging
   716 | D:2      | Reached XP level 3. HP: 28/29 MP: 3/3
  1243 | D:2      | Reached XP level 4. HP: 37/37 MP: 4/4
  1512 | D:3      | Found a bloodstained altar of Trog.
  1689 | D:3      | Noticed Robin
  1713 | D:3      | HP: 1/37 [Robin/+0 club (4)]
  1713 | D:3      | Slain by a goblin

Illustrated notes

Levels and vault maps discovered:
D:1:      dpeg_arrival_rooms_b, layout_basic, serial_shops, nicolae_shop_trees,
          minmay_tall_x
D:2:      layout_basic, minivault_24
D:3:      layout_loops_ring, mainiacjoe_overflow_concentric_impassable,
          lemuel_doored_altar, general_overflow_altar, uniq_robin

Skill      XL: |  1  2  3  4 |
---------------+-------------+-----
Polearms       | 3 |  3.7
Dodging        | 1 2 |  2.1
Fighting       | |  3.7
Armour         | |  2.6
Shields        | |  3.4

Action                     |  1- 3 |  4- 6 || total
---------------------------+-------+-------++-------
  Melee: Trident           |   129 |    41 ||   170
    Use: Scroll            |       |     1 ||     1
         Potion            |       |     1 ||     1
 Armour: Scale mail        |    25 |       ||    25
         Chain mail        |    78 |    51 ||   129
  Dodge: Dodged            |    36 |    14 ||    50
  Block: Buckler           |    45 |    13 ||    58

Table legend: (Time is in decaauts)
 A = Elapsed time spent in this place.
 B = Non-inter-level travel time spent in this place.
 C = Inter-level travel time spent in this place.
 D = Time resting spent in this place.
 E = Time spent auto-exploring this place.
 F = Levels seen in this place.
 G = Mean time per level.
                   A        B        C        D        E       F      G
               +--------+--------+--------+--------+--------+-----+--------+
         Total |   1742 |   1742 |      0 |      0 |    764 |   3 |  580.7 |
       Dungeon |   1742 |   1742 |      0 |      0 |    764 |   3 |  580.7 |
               +--------+--------+--------+--------+--------+-----+--------+

Top non-repeatable levels by time:
     D:2: 808 daAuts
     D:1: 716 daAuts
     D:3: 217 daAuts
